 Dungeon Crawl Stone Soup version 0.31-a0-604-g8e0283293c (webtiles) character file.

Game seed: 16705310799567030459

13664 tilp the Covert (level 11, 0/86 HPs)
             Began as a Vampire Enchanter on Aug 21, 2023.
             Was a Priest of Wu Jian.
             Slain by a manticore (18 damage)
             ... on level 11 of the Dungeon.
             The game lasted 00:17:58 (12606 turns).

tilp the Covert (Vampire Enchanter)                Turns: 12606, Time: 00:17:58

Health: 0/86       AC: 10    Str:  3    XL:     11   Next: 78%
Magic:  15/20      EV: 14    Int: 35    God:    Wu Jian [***...]
Gold:   336        SH:  0    Dex: 21    Spells: 11/22 levels left

rFire   . . .        a - +2 dagger (flame)
rCold   . . .        (no shield)
rNeg    . . .        v - +3 leather armour
rPois   .            (no helmet)
rElec   .            k - +1 cloak
rCorr   .            (no gloves)
SInv    +            m - +1 pair of boots "Mideddod" {Str-4 Int+7 Dex+6}
Will    +....        (no amulet)
Stlth   +++++        s - +6 ring of intelligence
HPRegen 0.54/turn    (no ring)
MPRegen 0.17/turn

%: no passive effects
@: spiked, healing quickly
A: alive, fangs 3, see invisible, vampiric 2
a: Exsanguinate, Renounce Religion, Wall Jump, Serpent's Lash


You were on level 11 of the Dungeon.
You worshipped Wu Jian.
Wu Jian was most pleased with you.
You visited 2 branches of the dungeon, and saw 12 of its levels.

You collected 639 gold pieces.
You spent 303 gold pieces at shops.

Inventory:

Hand Weapons
 a - a +2 dagger of flaming (weapon)
 b - a +1 dagger of electrocution
 K - a +4 dagger
Missiles
 l - 25 poisoned darts (quivered)
 n - 5 boomerangs
 y - 3 curare-tipped darts
Armour
 k - a +1 cloak (worn)
 m - the +1 pair of boots "Mideddod" (worn) {Str-4 Int+7 Dex+6}
   (You acquired it on level 3 of the Dungeon)

   Str-4:     It affects your strength (-4).
   Int+7:     It affects your intelligence (+7).
   Dex+6:     It affects your dexterity (+6).
 v - a +3 leather armour (worn)
 w - +0 steam dragon scales
 F - the +1 robe "Puem" {Str-4 Int+3 Archmagi}
   (You bought it in a shop on level 9 of the Dungeon)

   Str-4:     It affects your strength (-4).
   Int+3:     It affects your intelligence (+3).
   Archmagi:  It increases the power of your magical spells.
Jewellery
 h - a ring of flight
 s - a +6 ring of intelligence (left hand)
 G - an amulet of faith
Wands
 d - a wand of paralysis (13)
 t - a wand of roots (13)
 C - a wand of digging (5)
Scrolls
 e - 7 scrolls of teleportation
 o - 2 scrolls of immolation
 r - 2 scrolls of revelation
 A - a scroll of silence
 H - 2 scrolls of blinking
 I - a scroll of vulnerability
 J - 4 scrolls of amnesia
Potions
 c - 2 potions of invisibility
 f - 2 potions of curing
 g - 2 potions of resistance
 i - 2 potions of brilliance
 j - 4 potions of mutation
 q - 2 potions of attraction
 u - 2 potions of lignification
 x - a potion of degeneration
 z - 2 potions of enlightenment
 E - 3 potions of haste


   Skills:
 * Level 7.9 Fighting
 - Level 10.0 Short Blades
 - Level 2.0 Throwing
 + Level 5.9 Dodging
 + Level 11.7 Stealth
 + Level 6.2 Spellcasting
 - Level 2.0 Conjurations
 * Level 11.3 Hexes
 - Level 2.0 Ice Magic
 - Level 4.0 Evocations


You had 11 spell levels left.
You knew the following spells:

 Your Spells              Type           Power      Damage    Failure   Level
a - Ensorcelled Hibernat  Hex/Ice        100%       N/A       1%          2
b - Confusing Touch       Hex            74%        N/A       1%          3
c - Tukima's Dance        Hex            74%        N/A       1%          3
d - Dazzling Flash        Conj/Hex       100%       N/A       1%          3

Your spell library contained the following spells:

 Spells                   Type           Power      Damage    Failure   Level
 Slow                     Hex            100%       N/A       1%          1
 Ozocubu's Armour         Ice            24%        N/A       10%         3
 Passwall                 Tmut/Erth      8%         N/A       11%         2
 Mephitic Cloud           Conj/Pois/Air  15%        N/A       17%         3
 Vampiric Draining        Necr           10%        2d6       22%         3
 Vhi's Electric Charge    Tloc/Air       20%        N/A       22%         3
 Manifold Assault         Tloc           10%        N/A       58%         4
 Freezing Cloud           Conj/Ice/Air   10%        6-21      75%         5
 Arcjolt                  Conj/Air       8%         1d18      80%         5
 Alistair's Intoxication  Tmut/Pois      6%         N/A       90%         5
 Borgnjor's Vile Clutch   Necr/Erth      5%         N/A       90%         5
 Dispersal                Tloc           5%         N/A       100%        6
 Eringya's Noxious Bog    Tmut/Pois      5%         4d6       100%        6
 Plasma Beam              Fire/Air       5%         2x1d15    100%        6
 Ozocubu's Refrigeration  Ice            12%        4d10      100%        7
 Disjunction              Tloc           5%         N/A       100%        8
 Maxwell's Capacitive Co  Air            5%         ∞         100%        8


Dungeon Overview and Level Annotations

Branches:
Dungeon (11/15)            Temple (1/1) D:6            Lair (0/5) D:10
    Orc (0/2) D:11

Altars:
Ashenzari
Cheibriados
Dithmenos
Fedhas
Gozag
Hepliaklqana
Kikubaaqudgha
Makhleb
Nemelex Xobeh
Okawaru
Qazlal
Ru
Sif Muna
Trog
Uskayaw
Vehumet
Wu Jian
Xom
Yredelemnul

Shops:
D:6 (   D:7 (   D:8 =   D:9 *   D:10 *

Annotations:
D:10 3 runed translucent doors, gruber's ghost, journeyman TeSu


Innate Abilities, Weirdness & Mutations

Your natural rate of healing is accelerated.
You have razor-sharp teeth.
You have supernaturally acute eyesight. (SInv)
You are afflicted with vampirism and can become a bat while bloodless.


Message History

The centaur warrior wields a +1 orcbow of electrocution.
You hear the crackle of electricity.
The centaur warrior shoots an arrow.
The arrow hits you!!
You are electrocuted!
The manticore bites you. The manticore claws you. The manticore claws you!
There is an open door, spattered with blood here.
The manticore flicks its tail.
The volley of spikes hits you but does no damage.
The centaur warrior shoots an arrow.
The arrow hits you!
* * * LOW HITPOINT WARNING * * *
Unknown command.
Casting: Ensorcelled Hibernation (safe; 1% risk of failure)
Confirm with . or Enter, or press ? or * to list all spells.
Aiming: Ensorcelled Hibernation (safe; 1% risk of failure)
Press: ? - help, Shift-Dir - straight line, f - centaur warrior
Aim: a centaur warrior, wielding a +1 orcbow of electrocution (lightly wounded, chance to affect: 54%)
Okay, then.
Casting: Ensorcelled Hibernation (safe; 1% risk of failure)
Confirm with . or Enter, or press ? or * to list all spells.
Casting: Dazzling Flash (safe; 1% risk of failure)
Press: ? - help, Dir - look around, f - activate The centaur warrior is dazzled.
The centaur warrior shoots an arrow.
The arrow barely misses you.
The manticore flicks its tail.
The volley of spikes hits you!
The barbed spikes become lodged in your body.
* * * LOW HITPOINT WARNING * * *
Unknown command.
Unknown command.
You close the door.
A centaur warrior opens the door.
The centaur warrior shoots an arrow.
The arrow closely misses the manticore.
The arrow barely misses you.
Casting: Dazzling Flash (safe; 1% risk of failure)
Confirm with . or Enter, or press ? or * to list all spells.
Aiming: Ensorcelled Hibernation (safe; 1% risk of failure)
Press: ? - help, Shift-Dir - straight line, f - manticore
Aim: a manticore (lightly wounded, chance to affect: 54%)
The manticore resists with significant effort.
The centaur warrior shoots an arrow.
The arrow hits the manticore!
The manticore bites you!!
You die...

.### ####.......# #. .#
###....†....# ## .#
###.........#### # ...
#.###.....###.#.#+# ..#
#...#'#.###...#...### ...
#.....###.....#.)...#
#......####c..#...####
#......#..#H#.#.#'#..#
#......#...@#####....#
+......'..(...#...)..+
#......#....#####....#
#......#..###.#.#'#..#
#......####...#...####
#.....###.....'.....###
#...#'#.###...#...###.###
#.###.....#'#.#.###.....###
###†........#####........)##


You could see a centaur warrior (blind) and a manticore.

Vanquished Creatures
  A tengu reaver (D:11)
  Erolcha (D:9)
  3 two-headed ogres
  Nergalle (D:11)
  2 cyclopes
  Maggie (D:7)
  A kobold demonologist (D:11)
  An unseen horror (D:11)
  3 trolls
  Prince Ribbit (D:9)
  3 shadows
  A wyvern (D:10)
  2 wraiths
  A basilisk (D:10)
  5 yaks
  4 vampire mosquitoes
  4 wargs (D:11)
  Menkaure (D:7)
  3 water moccasins
  4 orc warriors
  2 black bears
  2 ice beasts
  2 sky beasts (D:7)
  6 centaurs
  An ogre (D:5)
  5 bullfrogs
  2 kobold brigands
  3 scorpions
  8 wights (D:10)
  A killer bee (D:11)
  2 howler monkeys (D:11)
  A gnoll bouda (D:10)
  7 hounds
  9 orc priests
  4 jellies
  4 iguanas
  A sleepcap (D:7)
  17 orc wizards
  4 gnolls (D:10)
  8 adders
  2 shadow imps (D:5)
  6 worms
  2 dart slugs
  50 orcs
  6 bats
  7 endoplasms
  8 giant cockroaches
  6 goblins
  6 hobgoblins
  2 jackals (D:4)
  14 kobolds
  A quokka (D:2)
  5 ball pythons
  5 frilled lizards
  4 rats
256 creatures vanquished.

Vanquished Creatures (collateral kills)
  An orc warrior (D:7)
  3 orcs
4 creatures vanquished.

Vanquished Creatures (others)
  2 dancing weapons (D:10)
2 creatures vanquished.

Grand Total: 262 creatures vanquished

Notes
Turn   | Place    | Note
-------+----------+-------------------------------------------
     0 | D:1      | tilp the Vampire Enchanter began the quest for the Orb.
     0 | D:1      | Reached XP level 1. HP: 13/13 MP: 3/3
   200 | D:1      | Reached XP level 2. HP: 20/20 MP: 5/5
   203 | D:1      | Learned a level 2 spell: Ensorcelled Hibernation
  1171 | D:2      | Reached skill level 1 in Fighting
  1178 | D:2      | Gained mutation: You are afflicted with vampirism and can
                  | become a bat while bloodless. [Vampire growth]
  1178 | D:2      | Reached XP level 3. HP: 26/26 MP: 3/6
  1182 | D:2      | Learned a level 3 spell: Confusing Touch
  2110 | D:3      | Reached XP level 4. HP: 32/32 MP: 0/7
  2400 | D:3      | Reached skill level 5 in Hexes
  2404 | D:3      | Reached skill level 5 in Stealth
  2523 | D:3      | Reached XP level 5. HP: 38/38 MP: 9/9
  3055 | D:3      | Learned a level 3 spell: Tukima's Dance
  3360 | D:3      | Identified a scroll of acquirement
  3360 | D:3      | Acquired the +1 pair of boots "Mideddod" {Str-4 Int+7
                  | Dex+6}
  3647 | D:4      | Found a shimmering blue altar of Sif Muna.
  3760 | D:4      | Found a hazy altar of Hepliaklqana.
  3767 | D:4      | Reached XP level 6. HP: 35/44 MP: 5/11
  3847 | D:4      | Learned a level 3 spell: Dazzling Flash
  3881 | D:4      | Found a radiant altar of Vehumet.
  4472 | D:5      | Entered Level 5 of the Dungeon
  4653 | D:5      | Found a snail-covered altar of Cheibriados.
  4714 | D:5      | Reached skill level 1 in Evocations
  4714 | D:5      | Reached XP level 7. HP: 51/51 MP: 12/12
  4953 | D:5      | Found a blossoming altar of Fedhas.
  5371 | D:6      | Found a staircase to the Ecumenical Temple.
  5397 | Temple   | Entered the Ecumenical Temple
  5614 | D:6      | Reached XP level 8. HP: 55/58 MP: 11/14
  5894 | D:6      | Reached skill level 5 in Short Blades
  5926 | D:6      | Found Tegowk's Antique Weapon Emporium.
  5937 | D:6      | Bought a runed dagger for 110 gold pieces
  5966 | D:6      | Reached skill level 5 in Spellcasting
  6013 | D:6      | Found an ornate altar of the Wu Jian Council.
  6074 | D:6      | Found a faded altar of an unknown god.
  6074 | D:6      | Found a broken altar of Ashenzari.
  6081 | D:6      | Found a faded altar of an unknown god.
  6083 | D:6      | Found a sacrificial altar of Ru.
  6084 | D:6      | Found a sparkling altar of Nemelex Xobeh.
  6275 | D:6      | Became a worshipper of the Wu Jian Council
  6411 | D:7      | Noticed Maggie
  6416 | D:7      | Killed Maggie
  6481 | D:7      | Found Ibuom's Antique Weapon Boutique.
  6502 | D:7      | Reached XP level 9. HP: 56/67 MP: 3/16
  6604 | D:7      | Noticed Menkaure
  6612 | D:7      | Killed Menkaure
  6613 | D:7      | Reached skill level 5 in Fighting
  6950 | D:7      | Reached * piety under Wu Jian
  7979 | D:8      | Found a shadowy altar of Dithmenos.
  8046 | D:8      | Found Laox's Jewellery Shop.
  8298 | D:8      | Got the Incunable of Voltage and Changing
  8647 | D:9      | Found Zoeveck's Assorted Antiques.
  8754 | D:9      | Bought a dull robe for 193 gold pieces
  8754 | D:9      | Identified the +1 robe "Puem" {Str-4 Int+3 Archmagi} (You
                  | bought it in a shop on level 9 of the Dungeon)
  8875 | D:9      | Noticed Prince Ribbit
  8876 | D:9      | Noticed Erolcha
  8881 | D:9      | Killed Prince Ribbit
  9007 | D:9      | Reached skill level 10 in Stealth
  9007 | D:9      | Reached XP level 10. HP: 76/76 MP: 13/17
  9069 | D:9      | Killed Erolcha
  9070 | D:9      | Reached skill level 10 in Short Blades
  9267 | D:9      | Noticed a two-headed ogre
  9273 | D:9      | Killed a two-headed ogre
  9282 | D:9      | Noticed a cyclops
  9288 | D:9      | Killed a cyclops
  9289 | D:9      | Reached skill level 1 in Conjurations
  9289 | D:9      | Reached skill level 1 in Ice Magic
  9447 | D:9      | Reached ** piety under Wu Jian
  9448 | D:9      | Reached skill level 1 in Throwing
  9805 | D:10     | Entered Level 10 of the Dungeon
 10093 | D:10     | Noticed a two-headed ogre
 10100 | D:10     | Killed a two-headed ogre
 10400 | D:10     | Found a hide-covered altar of Uskayaw.
 10716 | D:10     | Found an iron altar of Okawaru.
 10718 | D:10     | Found a stormy altar of Qazlal.
 10747 | D:10     | Found a runed translucent gate.
 10748 | D:10     | Found a runed translucent gate.
 10748 | D:10     | Found a runed translucent gate.
 10749 | D:10     | Found an opulent altar of Gozag.
 10750 | D:10     | Noticed a cyan ugly thing
 10750 | D:10     | Noticed gruber's ghost (journeyman TeSu)
 10751 | D:10     | Noticed a catoblepas
 10824 | D:10     | Found a staircase to the Lair.
 10837 | D:10     | Reached XP level 11. HP: 83/83 MP: 12/19
 11118 | D:10     | Found Huhounki's Assorted Antiques.
 11354 | D:11     | Reached skill level 5 in Dodging
 11400 | D:11     | Found a staircase to the Orcish Mines.
 11558 | D:11     | Noticed Nergalle
 11561 | D:11     | Killed Nergalle
 11562 | D:11     | Reached skill level 10 in Hexes
 11949 | D:11     | Noticed a skeletal warrior
 12288 | D:11     | Noticed a tengu reaver
 12295 | D:11     | Killed a tengu reaver
 12297 | D:11     | Reached *** piety under Wu Jian
 12483 | D:11     | Noticed a two-headed ogre
 12486 | D:11     | Killed a two-headed ogre
 12598 | D:11     | Noticed a centaur warrior
 12606 | D:11     | Slain by a manticore

Illustrated notes

Levels and vault maps discovered:
D:1:      spicycebolla_arrival_clurvy, layout_loops_ring,
          minmay_gold_behind_fungi, corexii_leaking_fountain
D:2:      minmay_skewed_foursquare, layout_loops_ring, roderic_malta_cross
D:3:      layout_basic, minmay_misc_feat_pillars
D:4:      layout_loops_ring, nicolae_vehumet_altar_sigil, lemuel_blue_sif_altar,
          nicolae_hepliaklqana_hazy_memory, nicolae_wormholes
D:5:      layout_basic, kennysheep_slug_shrine,
          mainiacjoe_overflow_small_starburst, nrook_uturn
D:6:      layout_loops_cross, nzn_wu_jian_council_hall,
          chequers_temple_overflow_minitemple, minmay_temple_entry_large_hall,
          serial_shops, nicolae_shop_peninsula, serial_bayou_pond_d
D:7:      layout_gridville, serial_shops, kennysheep_mini, uniq_menkaure,
          uniq_maggie
D:8:      layout_loops_corners, mainiacjoe_overflow_concentric_impassable,
          serial_shops, nicolae_square_shop
D:9:      layout_layer_cave, lemuel_coloured_pillars_altar, serial_shops,
          nicolae_inconvenience_store, uniq_erolcha, uniq_prince_ribbit1
D:10:     layout_layer_cave, nicolae_overflow_hidden_temple, david_lair_generic,
          ebering_ghost_gozag, nicolae_concentric_dashed_squares_wild
D:11:     nicolae_hexawheel, layout_layer_cave, minmay_orc_entry_guard_dogs,
          uniq_nergalle
Temple:   hellmonk_temple_beads

Skill      XL: |  1  2  3  4  5  6  7  8  9 10 11 |
---------------+----------------------------------+-----
Fighting       | 1 2 3 4 6 7 |  7.9
Short Blades   | 2 3 4 6 9 10 | 10.0
Hexes          | 5 6 7 8 9 11 | 11.3
Stealth        | 5 6 7 10 11 | 11.7
Spellcasting   | 3 4 5 6 |  6.2
Dodging        | 3 4 5 |  5.9
Evocations     | 1 2 4 |  4.0
Conjurations   | 2 |  2.0
Ice Magic      | 2 |  2.0
Throwing       | 1 2 |  2.0

Action                     |  1- 3 |  4- 6 |  7- 9 | 10-12 || total
---------------------------+-------+-------+-------+-------++-------
  Melee: Dagger            |   121 |   213 |   210 |   180 ||   724
         Bite              |    10 |    20 |    22 |    21 ||    73
         Punch             |       |     2 |     3 |     2 ||     7
   Cast: Ensorcelled Hiber |    13 |    36 |    61 |    38 ||   148
         Tukima's Dance    |       |       |     1 |     9 ||    10
         Confusing Touch   |       |       |     4 |    13 ||    17
         Dazzling Flash    |       |       |     1 |     3 ||     4
Ability: Lunge             |       |       |    13 |    27 ||    40
         Whirlwind         |       |       |     5 |     9 ||    14
    Use: Scroll            |     9 |     5 |     6 |     6 ||    26
   Stab: Sleeping          |    22 |    25 |    59 |    42 ||   148
         Confused          |       |       |     3 |    12 ||    15
         Invisible         |       |       |     1 |     1 ||     2
 Armour: Robe              |    21 |    24 |    11 |       ||    56
         Steam dragon scal |       |       |    12 |     7 ||    19
         Leather armour    |       |       |       |     7 ||     7
  Dodge: Dodged            |    48 |    94 |    96 |    76 ||   314

Table legend: (Time is in decaauts)
 A = Elapsed time spent in this place.
 B = Non-inter-level travel time spent in this place.
 C = Inter-level travel time spent in this place.
 D = Time resting spent in this place.
 E = Time spent auto-exploring this place.
 F = Levels seen in this place.
 G = Mean time per level.
                   A        B        C        D        E       F      G
               +--------+--------+--------+--------+--------+-----+--------+
         Total |  12450 |  11905 |    545 |    934 |   8938 |  12 | 1037.5 |
       Dungeon |  12424 |  11879 |    545 |    934 |   8914 |  11 | 1129.5 |
        Temple |     25 |     25 |      0 |      0 |     24 |   1 |   25.0 |
               +--------+--------+--------+--------+--------+-----+--------+

Top non-repeatable levels by time:
    D:10: 1462 daAuts
     D:3: 1404 daAuts
     D:9: 1327 daAuts
    D:11: 1282 daAuts
     D:7: 1074 daAuts
     D:2: 1048 daAuts
     D:1: 1026 daAuts
     D:6: 1010 daAuts
     D:8: 962 daAuts
     D:4: 960 daAuts
     D:5: 865 daAuts
  Temple: 25 daAuts
